 Dungeon Crawl Stone Soup version 0.25-a0-35-g747a2b3c0c (webtiles) character file.

Game seed: 12431847994850638236, levelgen mode: deterministic

61 Conn the Conjurer (level 3, -3/14 HPs)
             Began as a Felid Conjurer on Oct 19, 2019.
             Shot with an arrow by a centaur (17 damage)
             ... on level 2 of the Dungeon.
             The game lasted 00:04:15 (1904 turns).

Conn the Conjurer (Felid Conjurer)                  Turns: 1904, Time: 00:04:15

Health: -3/14      AC:  1    Str:  4    XL:     3   Next: 83%
Magic:  1/7        EV: 18    Int: 17    God:
Gold:   78         SH:  0    Dex: 16    Spells: 5/6 levels left
                                        Lives:  0   Deaths: 0

rFire    . . .     SeeInvis +   (weapon unavailable)
rCold    . . .     Gourm    .   (shield unavailable)
rNeg     . . .     Faith    .   (armour unavailable)
rPois    .         Spirit   .   (helmet unavailable)
rElec    .         Reflect  .   (cloak unavailable)
rCorr    .         Harm     .   (gloves unavailable)
MR       .....                  (boots unavailable)
Stlth    +++.......             (no amulet)
HPRegen  0.04/turn              (no ring)
MPRegen  0.10/turn              (no ring)

@: quick
A: very small, no armour, no weapons or thrown items, stealth, claws 1, fangs 3,
see invisible, carnivore, speed 1, shaggy fur 1, slow metabolism 1, sharp paws
a: no special abilities


You were on level 2 of the Dungeon.
You were completely stuffed.

You visited 1 branch of the dungeon, and saw 2 of its levels.

You collected 78 gold pieces.

Inventory:

Scrolls
 a - 3 scrolls of identify {unknown}
 c - 5 scrolls of teleportation {unknown}
 i - a scroll of noise {unknown}
 k - 2 scrolls of enchant weapon {unknown}
 m - a scroll of immolation {unknown}
 n - a scroll of blinking {unknown}
 o - a scroll of remove curse {unknown}
Potions
 d - a potion of flight {unknown}
 e - 2 potions of might {unknown}
 f - 2 potions of heal wounds {unknown}
 g - a potion of agility {unknown}
 h - a potion of lignification {unknown}
 j - a potion of invisibility {unknown}
Comestibles
 b - 4 rations
 l - 2 chunks of flesh


   Skills:
 + Level 2.8 Dodging
 + Level 3.2 Stealth
 + Level 0.7 Unarmed Combat
 + Level 2.4 Spellcasting
 + Level 4.5 Conjurations


You had 5 spell levels left.
You knew the following spells:

 Your Spells              Type           Power        Failure   Level  Hunger
a - Magic Dart            Conj           ###.         3%          1    #......

Your spell library contained the following spells:

 Spells                   Type           Power        Failure   Level  Hunger
 Searing Ray              Conj           ###...       4%          2    ##.....
 Dazzling Spray           Conj/Hex       #.....       22%         3    ###....
 Iskenderun's Mystic Bla  Conj           ###.....     28%         4    #####..
 Force Lance              Conj/Tloc      #.......     58%         4    #####..
 Fulminant Prism          Conj/Hex       #.........   58%         4    #####..


Dungeon Overview and Level Annotations

Branches:
Dungeon (2/15)

Altars:
Qazlal
Uskayaw


Innate Abilities, Weirdness & Mutations

You cannot wear armour.
You are incapable of wielding weapons or throwing items.
Your paws allow you to move quietly. (Stealth)
You have sharp claws.
You have razor-sharp teeth.
You have supernaturally acute eyesight. (SInv)
You are carnivorous and can eat meat at any time.
You cover ground quickly.
You are covered in fur. (AC +1)
You have a slow metabolism.
Your sharp claws are effective at attacking unaware monsters.


Message History

Casting: Magic Dart (safe; 3% risk of failure)
Confirm with . or Enter, or press ? or * to list all spells.
Aiming: Magic Dart (safe; 3% risk of failure)
Press: ? - help, Shift-Dir - straight line, f - gnoll
Aim: a gnoll, wielding a +0 club (severely wounded)
The magic dart hits the gnoll.
You kill the gnoll!
Casting: Magic Dart (safe; 3% risk of failure)
Confirm with . or Enter, or press ? or * to list all spells.
Aiming: Magic Dart (safe; 3% risk of failure)
Press: ? - help, Shift-Dir - straight line, f - gnoll
Aim: a gnoll, wielding a +2 flail of protection (lightly wounded)
The magic dart hits the gnoll but does no damage.
The gnoll is lightly wounded.
The gnoll barely misses you.
A centaur comes into view.
The centaur wields a +1 shortbow of freezing.
It is covered in frost.
The centaur shoots an arrow.
The arrow hits you!
Ouch! That really hurt!
You die...

######
#########......
.......>c......
#..# #.. #g.#
#.##.# #..# #..#.#
#..# #..#.#
#@.###### #..#.#
#.......## #..#.#
#.......... #..#.#
#.#.....### #..#.##
#.#.....# #.....#
#.#.....# #.....#
#.#######
#.....#####.######
#.....[............


You could see a centaur and a gnoll.

Vanquished Creatures
  A gnoll (D:2)
  2 adders (D:2)
  A worm (D:2)
  A dart slug (D:1)
  4 bats (D:1)
  3 giant cockroaches
  A goblin (D:1)
  5 hobgoblins (D:2)
  2 frilled lizards (D:1)
  6 kobolds
  5 rats
31 creatures vanquished.

Notes
Turn   | Place    | Note
-------+----------+-------------------------------------------
     0 | D:1      | Conn the Felid Conjurer began the quest for the Orb.
     0 | D:1      | Reached XP level 1. HP: 7/7 MP: 4/4
   482 | D:1      | Reached skill level 4 in Conjurations
   482 | D:1      | Reached XP level 2. HP: 11/11 MP: 4/6
  1462 | D:2      | Reached XP level 3. HP: 14/14 MP: 1/7
  1679 | D:2      | Noticed a +0 hand axe
  1680 | D:2      | Noticed a +4 hand axe
  1681 | D:2      | Found a hide-covered altar of Uskayaw.
  1761 | D:2      | Found a stormy altar of Qazlal.
  1903 | D:2      | Noticed a centaur
  1904 | D:2      | Shot with an arrow by a centaur

Levels and vault maps discovered:
D:1:      lightli_arrival_flooded_house, layout_loops_ring
D:2:      layout_basic, dancing_weapons_uskayaw, nicolae_overflow_crystal_walls

Skill      XL: |  1  2 |
---------------+-------+-----
Conjurations   | 4 |  4.5
Stealth        | 3 |  3.2
Dodging        | |  2.8
Unarmed Combat | |  0.7
Spellcasting   | |  2.4

Action                   || total
-------------------------++-------
Melee: Unarmed           ||    20
       Bite              ||     3
 Cast: Magic Dart        ||    75
 Stab: Sleeping          ||     5
  Eat: Chunk             ||    10
Armor: Skin              ||     3
Dodge: Dodged            ||    28

Table legend:
 A = Non-vault XP
 B = Vault XP
 C = Vault XP percentage of total XP
 D = Non-vault monster count
 E = Vault monster count
 F = Vault count percentage of total count
                 A         B        C        D         E       F
            +---------+---------+-------+---------+---------+-------
      Total |      88 |       0 |   0.0 |      31 |       0 |   0.0
            +---------+---------+-------+---------+---------+-------
        D:1 |      26 |       0 |   0.0 |      18 |       0 |   0.0
        D:2 |      62 |       0 |   0.0 |      13 |       0 |   0.0
            +---------+---------+-------+---------+---------+-------
